 Dungeon Crawl Stone Soup version 0.30-b1-2-g02819fbbbe (webtiles) character file.

Game seed: 12157438732832065227

62 Haddock008 the Caller (level 4, -1/31 HPs)
             Began as a Merfolk Summoner on Aug 31, 2023.
             Slain by a gnoll
             ... wielding a +0 flail
              (11 damage)
             ... on level 2 of the Dungeon.
             The game lasted 00:03:15 (1566 turns).

Haddock008 the Caller (Merfolk Summoner)            Turns: 1566, Time: 00:03:15

Health: -1/31      AC:  4    Str:  8    XL:     4   Next: 8%
Magic:  4/7        EV: 13    Int: 16    God:
Gold:   69         SH:  0    Dex: 14    Spells: 2/8 levels left

rFire   . . .        n - +0 dagger (flame)
rCold   . . .        (no shield)
rNeg    . . .        a - +0 robe
rPois   .            (no helmet)
rElec   .            (no cloak)
rCorr   .            h - +1 pair of gloves
SInv    .            (no boots)
Will    .....        (no amulet)
Stlth   ++           (no ring)
HPRegen 0.25/turn    (no ring)
MPRegen 0.10/turn

%: no passive effects
@: no status effects
A: (nimble swimmer 2), mertail
a: no special abilities


You were on level 2 of the Dungeon.
You visited 1 branch of the dungeon, and saw 2 of its levels.

You collected 69 gold pieces.

Inventory:

Hand Weapons
 e - a +0 short sword
 n - a +0 dagger of flaming (weapon)
Armour
 a - a +0 robe (worn)
 h - a +1 pair of gloves (worn)
Jewellery
 o - an amulet of the acrobat
 p - an amulet of regeneration
Scrolls
 c - a scroll of amnesia {unknown}
 d - a scroll of summoning {unknown}
 f - 3 scrolls of identify {unknown}
 g - a scroll of blinking {unknown}
Potions
 b - a potion of magic
 i - 2 potions of curing {unknown}
 j - a potion of flight {unknown}
 k - 2 potions of lignification {unknown}
 l - a potion of degeneration {unknown}
 m - a potion of heal wounds {unknown}


   Skills:
 + Level 0.6 Fighting
 + Level 3.7 Dodging
 - Level 2.9 Stealth
 + Level 2.6 Spellcasting
 + Level 4.3 Summonings


You had 2 spell levels left.
You knew the following spells:

 Your Spells              Type           Power      Damage    Failure   Level
a - Summon Small Mammal   Summ           64%        N/A       3%          1
b - Call Imp              Summ           32%        N/A       4%          2
c - Call Canine Familiar  Summ           16%        N/A       10%         3

Your spell library contained the following spells:

 Spells                   Type           Power      Damage    Failure   Level
 Apportation              Tloc           4%         N/A       21%         1
 Necrotise                Necr           8%         1d4       21%         1
 Summon Guardian Golem    Hex/Summ       9%         N/A       24%         3
 Summon Lightning Spire   Summ/Air       9%         N/A       61%         4


Dungeon Overview and Level Annotations

Branches:
Dungeon (2/15)

Altars:


Innate Abilities, Weirdness & Mutations

((You are very nimble when in or above water. (Stealth+, EV+, Speed+++)))
Your lower body shifts to a powerful aquatic tail in water.


Message History

Your hound bites the gnoll.
The gnoll closely misses you.
You hit the gnoll but do no damage.
The gnoll is severely wounded.
Your hound barely misses the gnoll.
The gnoll hits you with a +0 flail!
You hit the gnoll. You burn the gnoll.
You kill the gnoll!
You have reached level 4!
Press: ? - help, v - describe, . - travel The floor.
Things that are here:
a +0 flail; a gnoll corpse You start resting.
Your hound disappears in a puff of smoke!
Magic restored.
You start resting.
HP restored.
Things that are here:
a +0 dagger; 2 stones
There is a large open door here.
A gnoll is nearby!
A gnoll is nearby!
You barely miss the gnoll. The gnoll closely misses you.
Casting: Call Canine Familiar (quite dangerous; 10% risk of failure)
Confirm with . or Enter, or press ? or * to list all spells.
The spell is quite dangerous to miscast (10% risk of failure)!
Continue anyway?
The gnoll closely misses you. The gnoll attacks as you move away!
The gnoll hits you with a +0 flail!
The gnoll hits your hound with a +0 flail!
Your hound closely misses the gnoll.
You swap places.
The gnoll hits you with a +0 flail.
You swap places.
Your hound bites the gnoll.
The gnoll closely misses your hound.
Your hound bites the gnoll.
Your hound barely misses the gnoll.
The gnoll barely misses your hound.
Your hound barely misses the gnoll.
The gnoll hits your hound with a +0 flail!
Your hound dies!
Your hound's corpse disappears in a puff of smoke!
The gnoll hits you with a +0 flail! The gnoll attacks as you move away!
The gnoll hits you with a +0 flail!
You die...

#..# # #..# #.
...# .. #..#
.###.##..#
.........# #..#
##g#######
#..@.....#
.......#######.#
####### #.# #.#
.# #.# #.# #.#
#.# #.# ..# #.#
..# #.#


You could see a gnoll.

Vanquished Creatures
  A gnoll (D:2)
  A dart slug (D:1)
  2 endoplasms
  A giant cockroach (D:2)
  4 jackals (D:1)
  5 quokkas (D:1)
  3 ball pythons
  A bat (D:2)
  2 goblins
  2 kobolds (D:1)
  2 rats (D:1)
24 creatures vanquished.

Vanquished Creatures (collateral kills)
  A gnoll (D:2)
  A dart slug (D:1)
  A bat (D:2)
  An endoplasm (D:2)
  2 goblins (D:2)
  A ball python (D:1)
  2 frilled lizards
  5 kobolds
  A rat (D:1)
15 creatures vanquished.

Grand Total: 39 creatures vanquished

Notes
Turn   | Place    | Note
-------+----------+-------------------------------------------
     0 | D:1      | Haddock008 the Merfolk Summoner began the quest for the
                  | Orb.
     0 | D:1      | Reached XP level 1. HP: 13/13 MP: 3/3
   204 | D:1      | Reached XP level 2. HP: 19/19 MP: 5/5
   221 | D:1      | Learned a level 2 spell: Call Imp
   674 | D:1      | Reached XP level 3. HP: 24/24 MP: 6/6
   678 | D:1      | Learned a level 3 spell: Call Canine Familiar
  1394 | D:2      | Reached XP level 4. HP: 18/31 MP: 2/7
  1566 | D:2      | Slain by a gnoll

Illustrated notes

Levels and vault maps discovered:
D:1:      dpeg_arrival_leaves_temple_mockup, layout_rooms, serial_curves,
          eino_curves_03, eino_curves_03, eino_curves_02
D:2:      layout_loops_ring, kennysheep_generic_room_4

Skill      XL: |  1 |
---------------+----+-----
Dodging        | 3 |  3.7
Fighting       | |  0.6
Stealth        | |  2.9
Spellcasting   | |  2.6
Summonings     | |  4.3

Action                     |  1- 3 |  4- 6 || total
---------------------------+-------+-------++-------
  Melee: Short sword       |    82 |       ||    82
         Unarmed           |     3 |       ||     3
         Punch             |     1 |       ||     1
         Dagger            |    27 |     1 ||    28
   Cast: Summon Small Mamm |     7 |       ||     7
         Call Imp          |    14 |       ||    14
         Call Canine Famil |     1 |     1 ||     2
   Stab: Sleeping          |     8 |       ||     8
 Armour: Robe              |    29 |       ||    29
  Dodge: Dodged            |    73 |     2 ||    75
